 Dungeon Crawl Stone Soup version 0.18.1-50-g88ac8fd (webtiles) character file.

208396 lorenzova the Sorcerer (level 18, -2/85 HPs)
             Began as a Deep Elf Conjurer on Oct 25, 2016.
             Was the Champion of Vehumet.
             Slain by a wolf spider (3 damage)
             ... on level 4 of the Spider Nest.
             The game lasted 03:22:38 (43969 turns).

lorenzova the Sorcerer (Deep Elf Conjurer)         Turns: 43969, Time: 03:22:39

Health: -2/85      AC: 14    Str:  5    XL:     18   Next: 12%
Magic:  24/54      EV: 20    Int: 36    God:    Vehumet [******]
Gold:   1408       SH:  0    Dex: 15    Spells: 10 memorised, 12 levels left

rFire  . . .     SeeInvis +     P - staff of conjuration
rCold  x . .     Gourm    .     n - +3 leather armour "Riatyutid" {rPois rC- rCorr}
rNeg   . . .     Faith    .     c - +2 buckler {AC+3}
rPois  +         Spirit   .     b - +2 helmet {Int+3}
rElec  .         Dismiss  .     t - +1 cloak {rPois}
rCorr  +         Reflect  .     r - +0 pair of gloves
SustAt .         Harm     .     Q - +1 pair of boots
MR     +....                    z - amulet of magic regeneration
Stlth  ++........               o - ring of Ceytus {MP+9 EV+4 Int+4}
                                u - ring of see invisible

@: confused, corroded, deflect missiles, somewhat resistant to hostile
enchantments, unstealthy
A: no striking features
a: Renounce Religion
}: 1/15 runes: decaying


You were on level 4 of the Spider Nest.
You worshipped Vehumet.
Vehumet was exalted by your worship.
You were not hungry.

You visited 8 branches of the dungeon, and saw 33 of its levels.
You visited 1 bazaar.
You also visited: Bailey and Ice Cave.

You collected 3074 gold pieces.
You spent 1666 gold pieces at shops.

Inventory:

Hand Weapons
 k - the +10 mace of a Hundred Songs {venom, *Confuse +Inv rPois rC+}
   (You found it on level 1 of the Spider Nest)

   It poisons the flesh of those it strikes.
   It protects you from cold.
   It protects you from poison.
   It lets you turn invisible.
   It may confuse you when you take damage.
Armour
 b - a +2 helmet of intelligence (worn)
 c - a +2 buckler of protection (worn)
 n - the +3 leather armour "Riatyutid" (worn) {rPois rC- rCorr}
   (You found it in an ice cave)

   It makes you vulnerable to cold.
   It protects you from poison.
   It protects you from acid and corrosion.
 r - a +0 pair of gloves (worn)
 t - a +1 cloak of poison resistance (worn)
 Q - a +1 pair of boots (worn)
 R - the +0 robe of the Engineer {rF+ Str+4}
   (You found it on level 4 of the Spider Nest)

   It affects your strength (+4).
   It protects you from fire.
 S - a +2 robe of magic resistance
Magical Staves
 P - an uncursed staff of conjuration (weapon)
Jewellery
 o - the ring of Ceytus (right hand) {MP+9 EV+4 Int+4}
   (You bought it in a shop in a bazaar)

   [ring of evasion]

   It affects your evasion (+4).
   It affects your intelligence (+4).
   It affects your magic capacity (+9).
 u - a ring of see invisible (left hand)
 z - an amulet of magic regeneration (around neck)
 A - an uncursed ring of protection from fire
 E - an uncursed ring of flight
 J - an uncursed ring of ice
 M - an uncursed ring of protection from cold
Wands
 G - a wand of disintegration (18/24)
 K - a wand of iceblast (7/15)
 O - a wand of lightning (12/15)
Scrolls
 a - 6 scrolls of enchant weapon
 e - 3 scrolls of fear
 j - 9 scrolls of teleportation
 l - 5 scrolls of immolation
 p - 3 scrolls of enchant armour
 q - 3 scrolls of holy word
 y - 11 scrolls of remove curse
 C - 3 scrolls of blinking
 D - 3 scrolls of identify
 I - 3 scrolls of magic mapping
 T - a scroll of summoning
 U - 2 scrolls of recharging
Potions
 d - 3 potions of lignification
 h - 7 potions of curing
 i - 3 potions of agility
 m - 5 potions of mutation
 s - 8 potions of brilliance
 v - 9 potions of magic
 B - a potion of might
 F - 2 potions of flight
 H - 4 potions of ambrosia
 L - a potion of cure mutation
 N - a potion of berserk rage
 V - 4 potions of haste
Comestibles
 g - 2 beef jerkies
 w - 3 bread rations
 x - a royal jelly
 W - a meat ration


   Skills:
 - Level 5.3 Armour
 + Level 8.8 Dodging
 + Level 9.3 Stealth
 - Level 4.1 Shields
 * Level 21.3 Spellcasting
 * Level 18.7 Conjurations
 - Level 11.0 Charms
 - Level 5.0 Summonings
 * Level 10.9 Fire Magic
 * Level 10.3 Ice Magic
 - Level 9.5 Air Magic


You had 12 spell levels left.
You knew the following spells:

 Your Spells              Type           Power        Failure   Level  Hunger
a - Magic Dart            Conj           ####         0%          1    None
b - Iskenderun's Battles  Conj/Chrm      ########     1%          5    None
c - Iskenderun's Mystic   Conj           ########     0%          4    None
f - Fireball              Conj/Fire      ########..   1%          5    None
g - Deflect Missiles      Chrm/Air       #######...   2%          6    None
h - Haste                 Chrm           #######.     1%          6    None
m - Bolt of Fire          Conj/Fire      ########..   1%          6    None
n - Bolt of Cold          Conj/Ice       ########..   1%          6    None
o - Orb of Destruction    Conj           ########..   1%          7    None
y - Summon Butterflies    Summ           ######..     1%          1    None


Dungeon Overview and Level Annotations

Branches:
Dungeon (12/15)            Temple (1/1) D:4            Lair (8/8) D:8
  Swamp (4/4) Lair:5       Spider (4/4) Lair:3        Slime (1/6) Lair:7
    Orc (2/2) D:12            Elf (1/3) Orc:2

Altars:
Ashenzari
Cheibriados
Dithmenos
Elyvilon
Fedhas
Gozag
Kikubaaqudgha
Makhleb
Nemelex Xobeh
Okawaru
Pakellas
Qazlal
Ru
Sif Muna
Trog
Vehumet
Xom
Yredelemnul
Zin
The Shining One
Jiyva

Shops:
D:6 (   D:10 :   Orc:1 (   Orc:2 (*=}:

Annotations:
D:5 petervk's ghost, novice HuFi
D:8 2 exclusions


Message History

The tarantella bites you. The tarantella misses you.
You bump into the rock wall.
The tarantella bites you!
* * * LOW HITPOINT WARNING * * *
You are more confused.
The wolf spider hits you.
* * * LOW HITPOINT WARNING * * *
The wolf spider bites you!
* * * LOW HITPOINT WARNING * * *
The tarantella bites you but does no damage. x2
The tarantella misses you.
Drink which item? (? for menu, Esc to quit)
You feel much better. The wolf spider hits you.
* * * LOW HITPOINT WARNING * * *
The wolf spider bites you!
* * * LOW HITPOINT WARNING * * *
The tarantella bites you!
* * * LOW HITPOINT WARNING * * *
The tarantella closely misses you. The tarantella barely misses you.
The wolf spider hits you.
You die...

#...................##
#....................##
##....................###
###....................##
###...................##
##.#.^...............#
####....y...........##
#...sssp..........#
####s@.......#...##
##.#..........#
#....^.....###
##........## ###....###
##.### ###


You could see an entropy weaver, a wolf spider, 3 tarantellas and a wasp.

Vanquished Creatures
  Mara (Swamp:4)
  A tentacled monstrosity (Swamp:4)
  An acid blob (Lair:7)
  2 thorn hunters
  Roxanne (Swamp:2)
  A ghost moth (Spider:4)
  2 deep elf sorcerers (Elf:1)
  Maud (Lair:6)
  3 emperor scorpions
  A deep elf death mage (Elf:1)
  3 entropy weavers (Spider:3)
  The ghost of Monkfish the Unseen, a journeyman KoBe of Trog (Orc:1)
  Harold (Lair:2)
  3 ghost crabs
  19 hydras
  A centaur warrior (D:9)
  2 catoblepae
  10 dancing weapons (Elf:1)
  8 alligators
  5 orc high priests (Orc:2)
  15 deep elf knights (Elf:1)
  Sonja (D:11)
  Nergalle (D:12)
  A fire crab (Lair:8)
  2 unseen horrors
  3 spriggan druids
  13 swamp dragons
  7 deep elf archers (Elf:1)
  3 hill giants
  2 shambling mangroves (Swamp:4)
  22 wolf spiders
  15 orb spiders
  34 deep elf magi
  A griffon (Lair:6)
  An ugly thing (D:11)
  2 orc sorcerers
  7 hornets
  9 orc knights
  2 moths of wrath
  2 ice statues (IceCv)
  Joseph (D:8)
  A centaur zombie (D:11)
  23 spiny frogs
  4 black mambas
  2 torpor snails
  A gargoyle (D:11)
  3 rime drakes
  9 komodo dragons
  2 kobold demonologists (D:12)
  A tengu conjurer (D:11)
  6 demonic crawlers
  34 jumping spiders
  2 trolls
  2 polar bears
  29 blink frogs
  19 slime creatures
  10 giant leeches
  A boulder beetle (Spider:1)
  5 two-headed ogres
  7 bog bodies
  Sigmund (D:5)
  An air elemental (Elf:1)
  12 spriggans
  A wraith (D:12)
  55 redbacks
  A shadow (Swamp:4)
  39 yaks
  28 tarantellas
  2 water elementals (Elf:1)
  A hill giant zombie (D:12)
  2 fire elementals (Elf:1)
  5 basilisks
  6 hippogriffs
  3 hungry ghosts
  27 vampire mosquitoes
  3 wargs
  22 swamp worms
  13 insubstantial wisps
  A naga (shapeshifter) (Elf:1)
  2 hell hounds (D:8)
  16 water moccasins
  6 porcupines
  20 ice beasts
  2 sky beasts (D:11)
  11 swamp drakes
  17 wasps
  36 orc warriors
  A necrophage (D:8)
  3 phantoms
  13 ogres
  11 wolves
  5 centaurs
  16 crocodiles
  11 big kobolds
  26 giant frogs
  5 scorpions
  A wyvern skeleton (D:11)
  6 killer bees
  4 troll zombies (D:12)
  4 wights (D:8)
  4 electric eels (Lair:8)
  2 howler monkeys (D:11)
  5 crimson imps
  A wasp zombie (D:10)
  2 giant frog zombies
  A quasit (D:12)
  7 hounds
  4 jellies
  28 orc priests
  10 iguanas
  A giant frog skeleton (D:7)
  Natasha (thrice) (D:2)
  28 orc wizards
  10 worker ants
  3 ogre zombies (D:12)
  19 sheep
  13 adders
  9 gnolls (D:4)
  A howler monkey skeleton (D:9)
  50 river rats
  5 shadow imps
  2 oozes
  An adder zombie (D:5)
  7 worms
  4 dart slugs
  6 giant geckos
  84 orcs
  4 giant cockroaches
  26 goblins
  24 hobgoblins
  A jackal (D:8)
  26 kobolds
  A quokka (D:6)
  6 bats
  A giant cockroach zombie (D:5)
  9 giant newts
  A goblin skeleton (D:12)
  2 goblin zombies (D:12)
  3 hobgoblin zombies (D:12)
  A jackal skeleton (D:4)
  3 orc skeletons (D:12)
  16 orc zombies (D:12)
  A quokka zombie (D:5)
  17 rats
1263 creatures vanquished.

Vanquished Creatures (others)
  A manticore (D:10)
  A giant leech (Swamp:4)
  15 fungi
  6 plants
23 creatures vanquished.

Grand Total: 1286 creatures vanquished

Notes
Turn   | Place    | Note
--------------------------------------------------------------
     0 | D:1      | lorenzova the Deep Elf Conjurer began the quest for the Orb.
     0 | D:1      | Reached XP level 1. HP: 10/10 MP: 6/6
   328 | D:1      | Reached XP level 2. HP: 15/15 MP: 4/8
   629 | D:1      | Reached skill level 4 in Spellcasting
   759 | D:1      | Reached skill level 5 in Conjurations
   759 | D:1      | Reached XP level 3. HP: 19/19 MP: 5/10
  1484 | D:2      | Reached XP level 4. HP: 10/24 MP: 12/12
  1490 | D:2      | Learned a level 4 spell: Iskenderun's Mystic Blast
  1876 | D:2      | Noticed Natasha
  1881 | D:2      | Killed Natasha
  1881 | D:2      | Reached skill level 5 in Spellcasting
  2135 | D:2      | Noticed Natasha
  2140 | D:2      | Killed Natasha
  2140 | D:2      | Reached XP level 5. HP: 28/28 MP: 7/14
  2314 | D:2      | Noticed Natasha
  2321 | D:2      | Killed Natasha
  2760 | D:3      | Reached skill level 6 in Spellcasting
  3289 | D:4      | Reached XP level 6. HP: 32/32 MP: 8/17
  3523 | D:4      | Found a staircase to the Ecumenical Temple.
  3532 | Temple   | Entered the Ecumenical Temple
  4147 | D:4      | Reached skill level 7 in Spellcasting
  4753 | D:4      | Reached XP level 7. HP: 36/36 MP: 15/20
  4781 | D:4      | Reached skill level 8 in Spellcasting
  5734 | Temple   | Became a worshipper of Vehumet
  6261 | D:4      | Reached * piety under Vehumet
  6261 | D:4      | Offered knowledge of Freeze by Vehumet.
  6352 | D:4      | Reached skill level 9 in Spellcasting
  6531 | D:4      | Reached XP level 8. HP: 39/41 MP: 14/23
  6972 | D:4      | Reached ** piety under Vehumet
  7063 | D:5      | Entered Level 5 of the Dungeon
  7073 | D:5      | Offered knowledge of Throw Frost by Vehumet.
  7107 | D:5      | Reached skill level 10 in Spellcasting
  7552 | D:5      | Noticed petervk's ghost (novice HuFi)
  8138 | D:5      | Noticed Sigmund
  8177 | D:5      | Killed Sigmund
  8177 | D:5      | Reached skill level 11 in Spellcasting
  8632 | D:6      | Reached skill level 10 in Conjurations
  8651 | D:6      | Offered knowledge of Stone Arrow by Vehumet.
  8770 | D:6      | Reached XP level 9. HP: 40/45 MP: 21/26
  9041 | D:6      | Found Saptigyu's Antique Weapon Boutique.
 10047 | D:7      | Reached skill level 12 in Spellcasting
 10257 | D:7      | Found a burning altar of Makhleb.
 10257 | D:7      | Noticed an Executioner
 10373 | D:8      | Found a staircase to the Lair.
 10637 | D:8      | Reached *** piety under Vehumet
 11073 | D:8      | Learned a level 5 spell: Iskenderun's Battlesphere
 11114 | D:8      | Noticed Joseph
 11141 | D:8      | Killed Joseph
 11141 | D:8      | Reached skill level 13 in Spellcasting
 11245 | D:8      | Reached XP level 10. HP: 19/50 MP: 23/29
 11617 | D:8      | Noticed a two-headed hydra
 11631 | D:8      | Killed a two-headed hydra
 11810 | D:8      | Offered knowledge of Throw Icicle by Vehumet.
 11810 | D:8      | Reached skill level 14 in Spellcasting
 12723 | D:9      | Noticed a centaur warrior
 12731 | D:9      | Killed a centaur warrior
 12919 | D:9      | Got a polished hand axe {flame}
 12921 | D:9      | Identified the cursed +1 hand axe of Deformation {flame, Str+3} (You took it off an orc on level 9 of the Dungeon)
 13215 | D:9      | Found a deep blue altar of Sif Muna.
 13340 | D:10     | Entered Level 10 of the Dungeon
 13450 | D:10     | Reached skill level 15 in Spellcasting
 13458 | D:10     | Reached **** piety under Vehumet
 13458 | D:10     | Reached skill level 1 in Charms
 13585 | D:10     | Reached XP level 11. HP: 54/54 MP: 29/32
 13807 | D:10     | Offered knowledge of Venom Bolt by Vehumet.
 13986 | D:10     | Found an oddly glowing altar of Pakellas.
 14084 | D:10     | Found Umulatat's Book Shoppe.
 14117 | D:10     | Bought a book of Enchantments for 700 gold pieces
 14125 | D:10     | Learned a level 6 spell: Haste
 14132 | D:10     | Learned a level 6 spell: Deflect Missiles
 14193 | Lair:1   | Entered Level 1 of the Lair of Beasts
 14385 | Lair:1   | Reached skill level 1 in Air Magic
 14661 | Lair:1   | Reached ***** piety under Vehumet
 14661 | Lair:1   | Reached skill level 5 in Charms
 14749 | Lair:1   | Learned a level 6 spell: Bolt of Cold
 14791 | Lair:2   | Offered knowledge of Fireball by Vehumet.
 14798 | Lair:2   | Learned a level 5 spell: Fireball
 15190 | Lair:2   | Noticed Harold
 15201 | Lair:2   | Killed Harold
 16102 | Lair:3   | Reached skill level 16 in Spellcasting
 16254 | Lair:3   | Found a hole to the Spider Nest.
 16655 | Lair:3   | Reached XP level 12. HP: 54/59 MP: 27/34
 17409 | Lair:4   | Noticed an eight-headed hydra
 17415 | Lair:4   | Killed an eight-headed hydra
 17467 | Lair:4   | Reached skill level 5 in Air Magic
 18442 | Lair:5   | Found a staircase to the Swamp.
 18463 | Lair:5   | Reached skill level 1 in Armour
 18923 | Lair:6   | Offered knowledge of Orb of Destruction by Vehumet.
 18935 | Lair:6   | Reached skill level 10 in Charms
 19005 | Lair:6   | Learned a level 7 spell: Orb of Destruction
 19116 | Lair:6   | Noticed Maud
 19133 | Lair:6   | Killed Maud
 19515 | Lair:6   | Noticed a four-headed hydra
 19518 | Lair:6   | Killed a four-headed hydra
 19518 | Lair:6   | Reached skill level 17 in Spellcasting
 19518 | Lair:6   | Reached XP level 13. HP: 63/63 MP: 25/36
 19610 | Lair:6   | Reached skill level 15 in Conjurations
 19875 | Lair:6   | Gained mutation: Your spells are a little harder to cast, but a little more powerful. [potion of mutation]
 19875 | Lair:6   | Gained mutation: Your muscles are strong. (Str +2) [potion of mutation]
 19875 | Lair:6   | Gained mutation: You tend to lose your temper in combat. [potion of mutation]
 19876 | Lair:6   | Lost mutation: Your spells are a little harder to cast, but a little more powerful. [potion of cure mutation]
 19876 | Lair:6   | Lost mutation: Your muscles are strong. (Str +2) [potion of cure mutation]
 19876 | Lair:6   | Lost mutation: You tend to lose your temper in combat. [potion of cure mutation]
 20169 | Lair:7   | Found a runed door.
 20170 | Lair:7   | Found a viscous altar of Jiyva.
 20171 | Lair:7   | Noticed an acid blob
 20173 | Lair:7   | Found a staircase to the Slime Pits.
 20820 | Lair:8   | Entered Level 8 of the Lair of Beasts
 21681 | Lair:8   | Identified Cigotuvi's Tome of Shifting Black Arts
 21766 | Lair:8   | Offered knowledge of Poisonous Cloud by Vehumet.
 22815 | Lair:1   | Identified a scroll of acquirement
 23175 | D:11     | Reached skill level 5 in Armour
 23187 | D:11     | Found a flagged portal.
 23206 | D:11     | Reached skill level 18 in Spellcasting
 23228 | Bailey   | Entered a bailey
 24123 | D:11     | Noticed Sonja
 24124 | D:11     | Killed Sonja
 24127 | D:11     | Reached skill level 1 in Shields
 24184 | D:11     | Reached XP level 14. HP: 68/68 MP: 28/38
 24738 | D:11     | Offered knowledge of Bolt of Fire by Vehumet.
 24747 | D:11     | Learned a level 6 spell: Bolt of Fire
 24964 | D:12     | Noticed Nergalle
 24965 | D:12     | Killed Nergalle
 25628 | D:12     | Found a staircase to the Orcish Mines.
 26075 | Orc:1    | Entered Level 1 of the Orcish Mines
 26086 | Orc:1    | Found a frozen archway.
 26198 | Orc:1    | Noticed Monkfish's ghost (journeyman KoBe)
 26201 | Orc:1    | Killed Monkfish's ghost
 26203 | IceCv    | Entered an ice cave
 26209 | IceCv    | Offered knowledge of Conjure Ball Lightning by Vehumet.
 27639 | IceCv    | Reached skill level 1 in Fire Magic
 27639 | IceCv    | Reached skill level 1 in Ice Magic
 27877 | IceCv    | Got a shimmering leather armour
 27892 | IceCv    | Identified the +3 leather armour "Riatyutid" {rPois rC- rCorr} (You found it in an ice cave)
 27942 | Orc:1    | Found Worouw's Weapon Boutique.
 28291 | Orc:2    | Entered Level 2 of the Orcish Mines
 28291 | Orc:2    | Found Sopn's Weapon Shop.
 28551 | Orc:2    | Found a staircase to the Elven Halls.
 29287 | Orc:2    | Found Nutruemaywk's Book Shoppe.
 29287 | Orc:2    | Found Resiakk's Assorted Antiques.
 29288 | Orc:2    | Found Qixeikana's Gadget Shoppe.
 29288 | Orc:2    | Found Reaken's Jewellery Emporium.
 29303 | Orc:2    | Bought an uncursed ring of see invisible for 180 gold pieces
 29307 | Orc:2    | Bought a +4 ring of intelligence for 324 gold pieces
 29477 | Orc:2    | Reached ****** piety under Vehumet
 29592 | Orc:1    | Offered knowledge of Spellforged Servitor by Vehumet.
 30101 | Lair:2   | Learned a level 1 spell: Summon Butterflies
 30390 | Elf:1    | Entered Level 1 of the Elven Halls
 30470 | Elf:1    | Noticed a deep elf sorcerer
 30473 | Elf:1    | Killed a deep elf sorcerer
 30477 | Elf:1    | Reached skill level 1 in Summonings
 30492 | Elf:1    | Reached XP level 15. HP: 49/72 MP: 8/39
 30607 | Elf:1    | Reached skill level 19 in Spellcasting
 30674 | Elf:1    | Found a flickering gateway to a bazaar.
 30680 | Bazaar   | Entered a bazaar
 30707 | Bazaar   | Found Iddenny's Jewellery Shoppe.
 30740 | Bazaar   | Found Wikoariw's Book Boutique.
 30790 | Bazaar   | Found Jiab's Book Shoppe.
 30835 | Bazaar   | Found Ymah Nic's Jewellery Shoppe.
 31064 | Bazaar   | Bought the ring of Ceytus {MP+9 EV+4 Int+4} for 462 gold pieces
 31457 | Elf:1    | Reached skill level 5 in Fire Magic
 31495 | Elf:1    | Reached skill level 5 in Stealth
 32411 | Elf:1    | Reached skill level 5 in Ice Magic
 32570 | Elf:1    | Noticed a deep elf sorcerer
 32572 | Elf:1    | Killed a deep elf sorcerer
 32867 | Elf:1    | Reached skill level 5 in Summonings
 33271 | Lair:7   | Reached skill level 5 in Dodging
 33327 | Lair:7   | Killed an acid blob
 33450 | Slime:1  | Entered Level 1 of the Pits of Slime
 33450 | Slime:1  | Noticed an acid blob
 33769 | Spider:1 | Entered Level 1 of the Spider Nest
 33891 | Spider:1 | Reached XP level 16. HP: 46/76 MP: 23/41
 33896 | Spider:1 | Offered knowledge of Delayed Fireball by Vehumet.
 34478 | Spider:1 | Got an encrusted mace
 34479 | Spider:1 | Identified the +10 mace of a Hundred Songs {venom, *Confuse +Inv rPois rC+} (You found it on level 1 of the Spider Nest)
 35114 | Swamp:1  | Entered Level 1 of the Swamp
 35194 | Swamp:1  | Noticed a thorn hunter
 35198 | Swamp:1  | Killed a thorn hunter
 36199 | Swamp:2  | Noticed Roxanne
 36208 | Swamp:2  | Killed Roxanne
 36673 | Swamp:2  | Got a shimmering spear
 36674 | Swamp:2  | Identified the +4 spear "Fokoallou" {elec, +Inv} (You found it on level 2 of the Swamp)
 37023 | Swamp:2  | Noticed a thorn hunter
 37026 | Swamp:2  | Killed a thorn hunter
 37120 | Swamp:3  | Reached skill level 20 in Spellcasting
 37387 | Swamp:3  | Offered knowledge of Fire Storm by Vehumet.
 37387 | Swamp:3  | Offered knowledge of Glaciate by Vehumet.
 37387 | Swamp:3  | Offered knowledge of Chain Lightning by Vehumet.
 37819 | Swamp:4  | Entered Level 4 of the Swamp
 38214 | Swamp:4  | Noticed a tentacled monstrosity
 38217 | Swamp:4  | Killed a tentacled monstrosity
 38474 | Swamp:4  | Reached XP level 17. HP: 80/80 MP: 22/43
 38800 | Swamp:4  | Noticed Mara
 38811 | Swamp:4  | Killed Mara
 39094 | Swamp:4  | Got a spiked helmet
 39109 | Swamp:4  | Identified the +0 helmet "Wunod" {rF+ Str+2 Stlth+} (You found it on level 4 of the Swamp)
 39715 | Swamp:4  | Got a decaying rune of Zot
 40935 | Spider:2 | Reached skill level 10 in Fire Magic
 41902 | Spider:3 | Reached skill level 21 in Spellcasting
 42862 | Spider:4 | Entered Level 4 of the Spider Nest
 43204 | Spider:3 | Reached skill level 10 in Ice Magic
 43495 | Spider:4 | Got a faintly humming robe
 43514 | Spider:3 | Identified the cursed +0 robe of the Engineer {rF+ Str+4} (You found it on level 4 of the Spider Nest)
 43556 | Spider:4 | Reached XP level 18. HP: 85/85 MP: 37/45
 43968 | Spider:4 | HP: 2/85 [wolf spider (8)]
 43969 | Spider:4 | Slain by a wolf spider

Skill      XL: |  1  2  3  4  5  6  7  8  9 10 11 12 13 14 15 16 17 |
---------------+----------------------------------------------------+-----
Spellcasting   | 4 5 6 7 9 11 13 15 16 17 18 19 20 21 | 21.3
Conjurations   | 5 6 7 8 10 11 13 14 15 16 17 18 | 18.7
Charms         | 2 7 10 11 | 11.0
Air Magic      | 4 6 8 9 |  9.5
Armour         | 2 5 |  5.3
Shields        | 1 4 |  4.1
Fire Magic     | 4 6 8 10 | 10.9
Ice Magic      | 3 6 8 10 | 10.3
Stealth        | 4 6 7 9 |  9.3
Dodging        | 3 5 7 8 |  8.8
Summonings     | 1 5 |  5.0

Action                   |  1- 3 |  4- 6 |  7- 9 | 10-12 | 13-15 | 16-18 || total
-------------------------+-------+-------+-------+-------+-------+-------++-------
Melee: Dagger            |     1 |       |    18 |       |       |       ||    19
       Staff             |       |       |       |     1 |     5 |     1 ||     7
 Cast: Magic Dart        |    75 |   162 |   405 |   460 |   597 |   500 ||  2199
       Iskenderun's Myst |       |     6 |    45 |    44 |   209 |   250 ||   554
       Iskenderun's Batt |       |       |     3 |    90 |   128 |   128 ||   349
       Fireball          |       |       |       |     1 |    28 |     8 ||    37
       Orb of Destructio |       |       |       |       |    49 |    20 ||    69
       Haste             |       |       |       |       |     4 |     7 ||    11
       Deflect Missiles  |       |       |       |       |     2 |     1 ||     3
       Bolt of Fire      |       |       |       |       |     9 |    25 ||    34
       Summon Butterflie |       |       |       |       |     2 |     1 ||     3
       Bolt of Cold      |       |       |       |       |       |     6 ||     6
  Use: Scroll            |       |       |     5 |     9 |    19 |     7 ||    40
       Potion            |       |       |       |       |    13 |     4 ||    17
 Stab: Sleeping          |     1 |       |       |       |       |       ||     1
  Eat: Chunk             |     1 |    10 |    20 |    28 |    27 |    17 ||   103
       Beef jerky        |       |       |       |     1 |     2 |       ||     3
       Fruit             |       |       |       |       |     3 |     1 ||     4
       Bread ration      |       |       |       |       |     5 |     1 ||     6
       Meat ration       |       |       |       |       |       |     2 ||     2
Armor: Robe              |     3 |     4 |    18 |       |       |       ||    25
       Leather armour    |       |       |       |    14 |    32 |   100 ||   146
Dodge: Dodged            |     4 |    19 |   122 |    43 |    54 |   239 ||   481
       Deflected         |       |       |       |       |    11 |     3 ||    14
Block: Buckler           |       |       |       |       |    25 |    75 ||   100
       Reflection        |       |       |       |       |     1 |       ||     1
